 Dungeon Crawl Stone Soup version 0.25-a0-578-gc91f01c39c (webtiles) character file.

Game seed: 4988464655371744049, levelgen mode: deterministic

2380 drasked the Cleaver (level 9, 0/82 HPs)
             Began as a Hill Orc Monk on Mar 5, 2020.
             Was an Elder of Beogh.
             Slain by Harold
             ... wielding a +2 hand axe of electrocution
              (16 damage)
             ... on level 6 of the Dungeon.
             The game lasted 00:21:16 (8156 turns).

drasked the Cleaver (Hill Orc Monk)                 Turns: 8156, Time: 00:21:17

Health: 0/82       AC: 14    Str: 14    XL:     9   Next: 45%
Magic:  9/9        EV: 10    Int: 13    God:    Beogh [****..]
Gold:   426        SH:  0    Dex: 13    Spells: 8/8 levels left

rFire    . . .     SeeInvis .   r - +0 war axe
rCold    . . .     Gourm    .   (no shield)
rNeg     . . .     Faith    .   f - +0 scale mail
rPois    .         Spirit   .   A - +2 helmet
rElec    .         Reflect  .   a - +2 cloak
rCorr    .         Harm     .   (no gloves)
MR       .....                  m - +0 pair of boots
Stlth    +.........             c - amulet of rage {+Rage, !d}
HPRegen  0.23/turn              (no ring)
MPRegen  0.11/turn              (no ring)

@: marked
A: no striking features
a: Smiting, Recall Orcish Followers, Renounce Religion, Evoke Berserk Rage


You were on level 6 of the Dungeon.
You worshipped Beogh.
Beogh was greatly pleased with you.
You were hungry.

You visited 1 branch of the dungeon, and saw 7 of its levels.
You also visited: Sewer.

You collected 426 gold pieces.

Inventory:

Hand Weapons
 r - a +0 war axe (weapon)
   (You found it on level 3 of the Dungeon)
Missiles
 u - 13 poisoned darts (quivered)
Armour
 a - a +2 cloak (worn)
   (You found it on level 4 of the Dungeon)
 f - a +0 scale mail (worn)
   (You found it on level 1 of the Dungeon)
 m - a +0 pair of boots (worn)
   (You found it on level 3 of the Dungeon)
 A - a +2 helmet (worn)
   (You found it on level 5 of the Dungeon)
Jewellery
 c - an amulet of rage (around neck) {+Rage, !d}
   (You found it on level 1 of the Dungeon)
Wands
 y - a wand of scattershot (4)
   (You found it on level 4 of the Dungeon)
Scrolls
 g - 4 scrolls of fear
 i - 3 scrolls of identify
 k - a scroll of amnesia
 p - a scroll of immolation {unknown}
 t - 3 scrolls of teleportation
 w - 4 scrolls of remove curse
 x - 2 scrolls of enchant armour {unknown}
 B - 2 scrolls of blinking {!r!r}
Potions
 b - 3 potions of lignification {!q!q}
 d - 4 potions of might
 j - a potion of mutation {unknown}
 l - a potion of berserk rage {unknown}
 n - 2 potions of heal wounds {unknown}
 o - a potion of cancellation {unknown}
 q - 2 potions of curing
 s - 2 potions of stabbing {unknown}
 v - a potion of haste {unknown}
Comestibles
 e - 6 rations


   Skills:
 + Level 8.6 Fighting
 * Level 12.4 Axes
 + Level 4.1 Armour
 - Level 2.4 Dodging
 - Level 3.0 Stealth


You had 8 spell levels left.
You didn't know any spells.
Your spell library contained the following spells:

 Spells                   Type           Power        Failure   Level  Hunger
 Confusing Touch          Hex            #.......     98%         3    ####...
 Gell's Gravitas          Tloc           #.........   98%         3    ####...
 Petrify                  Tmut/Erth      #.......     100%        4    #####..
 Metabolic Englaciation   Hex/Ice        #.........   100%        5    ######.
 Yara's Violent Unravell  Hex/Tmut       #.........   100%        5    ######.


Dungeon Overview and Level Annotations

Branches:
Dungeon (7/15)             Temple (0/1) D:6           Sewer (visited)

Altars:
Dithmenos
Gozag
Nemelex Xobeh
Xom
Yredelemnul

Shops:
D:7 :

Annotations:
D:6 Harold


Message History

You are feeling hungry.
There is an entrance to Xil Gice's Book Shoppe here.
You open the door.
You swap places.
There is an open door here.
Found a stone staircase leading down.
Found a stone staircase leading down.
There is a stone staircase leading down here.
You see here 23 bolts.
t - 3 scrolls of teleportation (gained 1)
A howler monkey comes into view.
The howler monkey hoots and howls with incredible vigour!
You hear a shout!
Throwing (i - inventory)
u - 14 poisoned darts (quivered)
Aim: a howler monkey (catching its breath)
You throw a poisoned dart.
The poisoned dart closely misses the howler monkey.
Harold the Weathered comes into view.
He is wielding a +2 hand axe of electrocution.
Harold shouts!
The howler monkey hits you but does no damage.
Harold moves out of view.
Found an escape hatch in the ceiling.
You slash the howler monkey! The howler monkey barely misses you.
Gorg invokes the aid of Beogh against the howler monkey.
The howler monkey is smitten.
The howler monkey dies!
Gorg looks more experienced.
Unknown command.
Harold throws a throwing net.
The throwing net hits you.
You become entangled in the net!
You see here a throwing net {=f, !d=f}.
You struggle against the net.
You tear a large gash into the net.
Harold casts a spell at you.
You barely resist. You shred the net and break free!
Harold hits you with a +2 hand axe of electrocution!
You are electrocuted!
You barely miss Harold. Harold barely misses you.
You hit Harold.
Gorg looks braver for a moment.
Harold barely misses you.
You hit Harold but do no damage.
Harold points at you and mumbles some strange words.
A sentinel's mark forms upon you.
You hit Harold but do no damage.
Gorg hits Harold with a +0 club.
You slash Harold!
Harold hits you with a +2 hand axe of electrocution.
Harold hits Gorg with a +2 hand axe of electrocution.
Lightning courses through Gorg!
Gorg hits Harold with a +0 club.
You hit Harold but do no damage.
Harold hits you with a +2 hand axe of electrocution.
You are electrocuted!
* * * LOW HITPOINT WARNING * * *
Harold hits Gorg with a +2 hand axe of electrocution.
Gorg barely misses Harold.
You slash Harold!
Harold hits you with a +2 hand axe of electrocution!
* * * LOW HITPOINT WARNING * * *
Harold hits Gorg with a +2 hand axe of electrocution!
Gorg dies!
You hit Harold.
Harold hits you with a +2 hand axe of electrocution!
* * * LOW HITPOINT WARNING * * *
You swap places.
Something hits your orc! Something hits your orc!
Your orc dies!
You hear a shout!
Harold asks, "Do you mind if I name my boat the 'drasked'?
Your head will be paying for it, after all."
Harold throws a throwing net.
The throwing net hits you.
You become entangled in the net!
You see here a throwing net {=f, !d=f}.
You struggle against the net.
Harold gestures at you while chanting. The mark upon you grows brighter.
You struggle against the net.
You shred the net and break free!
Harold throws a throwing net.
The throwing net closely misses you. Harold casts a spell at you.
The mark upon you grows brighter. Harold fires a harpoon shot at you.
The harpoon shot hits you!
* * * LOW HITPOINT WARNING * * *
You are yanked forward by the harpoon shot.
An ogre comes into view. It is wielding a +0 giant club.
The ogre moves out of view.
Harold fires a harpoon shot at you. The harpoon shot hits you.
* * * LOW HITPOINT WARNING * * *
You are yanked forward by the harpoon shot.
There is a stone staircase leading up here.
Unknown command.
Harold closely misses you.
You climb upwards.
There is a stone staircase leading down here.
You feel better.
Harold hits you with a +2 hand axe of electrocution.
* * * LOW HITPOINT WARNING * * *
You are electrocuted!
You die...

######### ##...#...##
##..o......## #...........#
###...........##########
...o...o........@@<....#
.............>.........# #######
....o.......#..........# #......
......##.####.......o..# #......
....).##.# #..........# #..####
.....)##.####..........####...##.
..)...(#...##.....<.........#..##
.......((#.##.........>...####..#
......##....####.(##.......####..


You could see Harold and a friendly orc.

Levels and vault maps discovered:
D:1:      dpeg_arrival_radiant, layout_loops_ring
D:2:      layout_basic, serial_corexii_hall, chequers_hall_statues_wall_a,
          chequers_hall_statues_wall_a, kennysheep_crisscross, uniq_jessica
D:3:      layout_basic, overflow_temple_1_default, nicolae_gozag_seed_capital,
          chequers_ecumenical_altar_island, uniq_robin
D:4:      layout_rooms, minivault_14
D:5:      layout_loops_ring, nicolae_dithmenos_the_darkroom, first_ration,
          minmay_ruined_shrine, uniq_grinder
D:6:      layout_rooms, nicolae_overflow_crystal_walls, lemuel_crystal_altar,
          minmay_temple_entry_crystal_x, gup_ossuary_entry_pyramid,
          portal_sewer_entry_d
D:7:      layout_basic, lemuel_doored_altar, gammafunk_temple_overflow_claw,
          serial_shops, nicolae_shop_behind_doors, st_stairs_11,
          minmay_a_box_with_orc_wizards_in_it, uniq_harold, uniq_prince_ribbit1

Notes
Turn   | Place    | Note
-------+----------+-------------------------------------------
     0 | D:1      | drasked the Hill Orc Monk began the quest for the Orb.
     0 | D:1      | Reached XP level 1. HP: 19/19 MP: 1/1
    14 | D:1      | Identified a +0 dagger
   151 | D:1      | Identified a +0 whip
   162 | D:1      | Reached XP level 2. HP: 13/27 MP: 2/2
   471 | D:1      | Identified a +0 dagger
   563 | D:1      | Reached skill level 4 in Fighting
   588 | D:1      | Reached skill level 2 in Stealth
   599 | D:1      | Identified a +0 scale mail (You found it on level 1 of the
                  | Dungeon)
   766 | D:1      | Reached XP level 3. HP: 32/33 MP: 3/3
   770 | D:1      | Identified a +0 club
   821 | D:1      | Identified a +0 club
  1157 | D:1      | Identified a +0 club
  1272 | D:2      | Reached skill level 5 in Axes
  1301 | D:2      | Identified a +0 dagger
  1331 | D:2      | Identified a +0 robe
  1331 | D:2      | Noticed Jessica
  1561 | D:2      | Identified a +0 club
  1691 | D:2      | Identified a +0 club
  1766 | D:2      | Killed Jessica
  1766 | D:2      | Reached XP level 4. HP: 41/41 MP: 4/4
  2075 | D:2      | Identified a +0 dagger
  2379 | D:3      | Identified a +0 dagger
  2473 | D:3      | Found an opulent altar of Gozag.
  2487 | D:3      | Identified a +0 robe
  2503 | D:3      | Identified a +0 club
  2638 | D:3      | Identified a +0 war axe
  2638 | D:3      | Identified a +0 club
  2639 | D:3      | Became a worshipper of Beogh the Brigand
  2639 | D:3      | Reached * piety under Beogh
  2639 | D:3      | Reached ** piety under Beogh
  2648 | D:3      | Identified a +0 pair of boots (You found it on level 3 of
                  | the Dungeon)
  2650 | D:3      | Identified a +0 mace
  2653 | D:3      | Identified a +0 flail
  2665 | D:3      | meem: I'm meem, an infobot run by MalcolmRoseGaming: Type
                  | !submeem to keep me in your games; !nomeem to shut me up
                  | forever; !meem for help; !whymeem if you want to know why
                  | meem exists. Visit http://youtube.com/malcolmrosegaming for
                  | more DCSS content.
  2709 | D:3      | Identified a +0 club
  2709 | D:3      | Identified a +0 hand axe
  2709 | D:3      | Identified a +0 short sword
  2730 | D:3      | Identified a +0 dagger
  2730 | D:3      | Identified a +0 robe
  2789 | D:3      | Reached skill level 6 in Axes
  2789 | D:3      | Reached XP level 5. HP: 26/47 MP: 5/5
  2977 | D:3      | Found a shimmering altar of Xom.
  3029 | D:3      | Found a faded altar of an unknown god.
  3070 | D:3      | Identified a +0 club
  3077 | D:3      | Identified a +0 club
  3088 | D:3      | Identified a +2 dagger of electrocution
  3088 | D:3      | Identified a +0 animal skin
  3088 | D:3      | Identified a +2 helmet
  3088 | D:3      | Noticed Robin
  3102 | D:3      | Identified a +0 club
  3109 | D:3      | Killed Robin
  3119 | D:3      | Identified a +0 club
  3884 | D:3      | Identified 5 scrolls of remove curse
  4233 | D:4      | Reached skill level 5 in Fighting
  4233 | D:4      | Reached skill level 3 in Stealth
  4233 | D:4      | Reached XP level 6. HP: 42/56 MP: 6/6
  4245 | D:4      | Identified a +2 cloak (You found it on level 4 of the
                  | Dungeon)
  4503 | D:4      | Identified an amulet of rage (You found it on level 1 of
                  | the Dungeon)
  4522 | D:5      | Entered Level 5 of the Dungeon
  4529 | D:5      | Noticed a sky beast
  4544 | D:4      | Reached skill level 7 in Axes
  4592 | D:5      | Identified a +2 helmet (You found it on level 5 of the
                  | Dungeon)
  4627 | D:5      | Noticed Grinder
  4627 | D:5      | Noticed a sky beast
  4646 | D:4      | Killed a sky beast
  4743 | D:5      | Identified a +0 shortbow
  4750 | D:5      | Identified a +0 dagger
  4750 | D:5      | Identified a +0 robe
  4752 | D:5      | Reached skill level 8 in Axes
  4752 | D:5      | Reached XP level 7. HP: 45/62 MP: 7/7
  4782 | D:5      | Reached skill level 6 in Fighting
  4803 | D:5      | Identified a +0 dagger
  4803 | D:5      | Identified a +0 robe
  4838 | D:5      | Reached skill level 9 in Axes
  4979 | D:5      | Found a sparkling altar of Nemelex Xobeh.
  5057 | D:5      | Reached *** piety under Beogh
  5307 | D:5      | Killed Grinder
  5307 | D:5      | Reached skill level 7 in Fighting
  5307 | D:5      | Reached skill level 10 in Axes
  5307 | D:5      | Reached XP level 8. HP: 41/73 MP: 8/8
  5462 | D:5      | Identified a +0 short sword
  5471 | D:5      | Found a shadowy altar of Dithmenos.
  5686 | D:6      | Found a basalt altar of Yredelemnul.
  5687 | D:6      | Identified 3 scrolls of teleportation
  5718 | D:6      | Identified a scroll of fog
  5719 | D:6      | Identified 2 scrolls of amnesia
  5720 | D:6      | Identified 4 scrolls of identify
  5720 | D:6      | Identified 3 potions of lignification
  5721 | D:6      | Identified 3 scrolls of fear
  5722 | D:6      | Identified 2 scrolls of blinking
  5724 | D:6      | Identified 4 potions of might
  5725 | D:6      | Identified 3 potions of curing
  5743 | D:6      | Identified a +0 club
  5743 | D:6      | Identified a +0 scale mail
  5745 | D:6      | Identified a +0 short sword
  5748 | D:6      | Identified a +0 flail
  5748 | D:6      | Identified a +0 leather armour
  5748 | D:6      | Identified a +0 shortbow
  5750 | D:6      | Identified a +0 club
  5750 | D:6      | Identified a +0 whip
  5759 | D:6      | Identified a +2 morningstar of protection
  5759 | D:6      | Identified a +0 ring mail
  5763 | D:6      | Identified a +0 mace
  5763 | D:6      | Identified a +0 flail
  5763 | D:6      | Identified a +0 ring mail
  5764 | D:6      | Identified a cursed -1 flail
  5765 | D:6      | Identified a +0 long sword
  5765 | D:6      | Identified a +2 plate armour of cold resistance
  5770 | D:6      | Identified a +0 short sword
  5997 | D:6      | Found a sparkling altar of Nemelex Xobeh.
  6022 | D:6      | Reached skill level 1 in Armour
  6042 | D:6      | Gained Gorg as an ally
  6110 | D:6      | Found a glowing drain.
  6126 | Sewer    | Entered a sewer
  6173 | Sewer    | Identified a +0 short sword
  6364 | Sewer    | Identified a +0 short sword
  6364 | Sewer    | Identified a +0 short sword
  6379 | Sewer    | Reached skill level 11 in Axes
  6379 | Sewer    | Reached skill level 2 in Armour
  6421 | Sewer    | Identified a +0 dagger
  6585 | Sewer    | Identified a +0 club
  6679 | Sewer    | Identified a +0 whip
  6744 | Sewer    | Identified a +0 whip
  6744 | Sewer    | Identified a +0 short sword
  6759 | Sewer    | Reached **** piety under Beogh
  6759 | Sewer    | Reached XP level 9. HP: 81/81 MP: 9/9
  6877 | Sewer    | Reached skill level 8 in Fighting
  6899 | Sewer    | Reached skill level 3 in Armour
  6984 | Sewer    | Identified a +0 dagger
  7074 | D:6      | Found a staircase to the Ecumenical Temple.
  7200 | D:6      | Identified a +0 whip
  7200 | D:6      | Identified a +0 dagger
  7400 | D:7      | Identified a +0 giant club
  7707 | D:7      | Reached skill level 12 in Axes
  7779 | D:7      | Noticed Prince Ribbit
  7780 | D:7      | Identified a +0 shortbow
  7793 | D:7      | Killed Prince Ribbit
  7793 | D:7      | Reached skill level 4 in Armour
  8064 | D:7      | Found Xil Gice's Book Shoppe.
  8101 | D:7      | Identified a +2 hand axe of electrocution
  8101 | D:7      | Identified a +0 chain mail
  8101 | D:7      | Noticed Harold
  8120 | D:7      | Your ally Gorg died
  8138 | D:7      | HP: 12/82 [Harold/harpoon shot (13)]
  8139 | D:7      | Identified a +0 giant club
  8150 | D:7      | HP: 10/82 [Harold/harpoon shot (5)]
  8156 | D:6      | HP: 16/82 [Harold/+2 hand axe of electrocution (6)]
  8156 | D:6      | Slain by Harold

Table legend:
 A = Turns spent in this place as a percentage of turns spent in the entire game.
 B = Non-inter-level travel turns spent in this place as a percentage of non-inter-level travel turns spent in the entire game.
 C = Inter-level travel turns spent in this place as a percentage of turns spent in this place.
 D = Turns resting spent in this place as a percentage of non-inter-level travel turns spent in this place.
 E = Turns spent auto-exploring this place as a percentage of non-inter-level travel turns spent in this place.
 F = Non-inter-level travel turns spent in this place divided by the number of levels of this place that you've seen.
                   A       B       C       D       E      F
               +-------+-------+-------+-------+-------+----------------------
         Total | 100.0 | 100.0 |   2.4 |  29.6 |  47.3 | 995.2
       Dungeon |  88.7 |  88.5 |   2.7 |  31.9 |  46.1 | 1006.1
         Sewer |  11.3 |  11.5 |   0.0 |  12.1 |  56.4 | 919.0
               +-------+-------+-------+-------+-------+----------------------

Table legend:
 A = Kills in this place as a percentage of kills in entire the game.
 B = Kills by you in this place as a percentage of kills by you in the entire game.
 C = Kills by friends in this place as a percentage of kills by friends in the entire game.
 D = Other kills in this place as a percentage of other kills in the entire game.
 E = Experience gained in this place as a percentage of experience gained in the entire game.
 F = Experience gained in this place divided by the number of levels of this place that you have seen.
                   A       B       C       D       E      F
               +-------+-------+-------+-------+-------+----------------------
         Total | 100.0 | 100.0 | 100.0 |   N/A | 100.0 | 425.1
       Dungeon |  82.5 |  81.8 | 100.0 |   N/A |  79.7 | 387.1
         Sewer |  17.5 |  18.2 |   0.0 |   N/A |  20.3 | 691.0
               +-------+-------+-------+-------+-------+----------------------

Skill      XL: |  1  2  3  4  5  6  7  8  9 |
---------------+----------------------------+-----
Fighting       | 4 5 7 8 |  8.6
Stealth        | 2 3 |  3.0
Axes           | 5 6 8 10 11 12 | 12.4
Armour         | 2 4 |  4.1
Dodging        | |  2.4

Action                   |  1- 3 |  4- 6 |  7- 9 || total
-------------------------+-------+-------+-------++-------
Melee: Hand axe          |   111 |    55 |       ||   166
       War axe           |       |   145 |   358 ||   503
Throw: Stone             |   107 |   117 |     3 ||   227
       Dart              |       |       |   118 ||   118
       Boomerang         |       |       |     3 ||     3
Invok: Convert to Beogh  |       |     1 |       ||     1
       Recall Orcish Fol |       |       |     1 ||     1
       Stop Recall       |       |       |     1 ||     1
 Abil: Evoke Berserk Rag |       |     1 |       ||     1
  Use: Scroll            |       |     1 |     8 ||     9
       Potion            |       |       |     2 ||     2
 Stab: Distracted        |       |       |     1 ||     1
  Eat: Chunk             |     3 |    10 |     8 ||    21
       Ration            |       |       |     1 ||     1
Armor: Robe              |     2 |       |       ||     2
       Scale mail        |    44 |   105 |   145 ||   294
Dodge: Dodged            |    49 |    99 |   140 ||   288

Vanquished Creatures
  Grinder (D:5)
  A phantom (D:7)
  4 sky beasts
  An ogre (D:7)
  3 centaurs
  A bullfrog (D:7)
  6 big kobolds (Sewer)
  A howler monkey (D:4)
  A crimson imp (D:7)
  A bullfrog zombie (D:5)
  A jelly (D:6)
  A bullfrog skeleton (D:7)
  4 hounds
  An iguana (D:7)
  Jessica (D:2)
  3 orc wizards
  4 worker ants
  A hound zombie (D:6)
  A mummy (D:6)
  Robin (D:3)
  A gnoll (D:1)
  7 adders
  A shadow imp (D:5)
  5 oozes (Sewer)
  An adder skeleton (D:3)
  An adder zombie (D:5)
  6 worms
  4 dart slugs
  5 leopard geckos
  11 orcs
  3 giant cockroaches
  7 hobgoblins
  A jackal (D:5)
  4 quokkas
  2 ball pythons (Sewer)
  9 bats
  7 frilled lizards
  9 goblins
  11 kobolds
  A leopard gecko skeleton (D:5)
  A quokka zombie (D:5)
  19 rats
154 creatures vanquished.

Vanquished Creatures (collateral kills)
  Prince Ribbit (D:7)
  A howler monkey (D:7)
  A bullfrog skeleton (D:7)
  A hound (D:7)
  2 orcs (D:6)
6 creatures vanquished.

Vanquished Creatures (others)
  2 orc priests
  8 orcs
10 creatures vanquished.

Grand Total: 170 creatures vanquished
